 Dungeon Crawl Stone Soup version 0.24-a0-784-g601f8f6d22 (webtiles) character file.

Game seed: 1979964603034808693, levelgen mode: deterministic

56 Johnny the Digger (level 3, -8/28 HPs)
             Began as a Demigod Earth Elementalist on Oct 9, 2019.
             Mangled by a worm (13 damage)
             ... on level 3 of the Dungeon.
             The game lasted 00:01:12 (1298 turns).

Johnny the Digger (Demigod Earth Elementalist)      Turns: 1298, Time: 00:01:13

Health: -8/28      AC:  2    Str: 11    XL:     3   Next: 48%
Magic:  8/8        EV: 13    Int: 21    God:
Gold:   82         SH:  0    Dex: 16    Spells: 5/6 levels left

rFire    . . .     SeeInvis .   f - +0 dagger
rCold    . . .     Gourm    .   (no shield)
rNeg     + . .     Faith    .   c - +0 robe
rPois    .         Spirit   .   (no helmet)
rElec    .         Reflect  .   (no cloak)
rCorr    .         Harm     +   (no gloves)
MR       .....                  (no boots)
Stlth    ++........             k - amulet of harm
HPRegen  0.09/turn              l - ring of positive energy
MPRegen  0.11/turn              (no ring)

@: no status effects
A: high mp 1
a: no special abilities


You were on level 3 of the Dungeon.
You were hungry.

You visited 1 branch of the dungeon, and saw 3 of its levels.

You collected 82 gold pieces.

Inventory:

Hand Weapons
 f - a +0 dagger (weapon)
Missiles
 b - a stone (quivered)
Armour
 c - a +0 robe (worn)
Jewellery
 k - an amulet of harm (around neck)
 l - a ring of positive energy (left hand)
Scrolls
 a - 4 scrolls of identify {unknown}
 g - 4 scrolls of magic mapping {unknown}
 h - a scroll of remove curse {unknown}
 i - a scroll of fear {unknown}
 m - a scroll of teleportation {unknown}
Potions
 e - a potion of heal wounds {unknown}
 j - a potion of lignification {unknown}
Comestibles
 d - 2 rations


   Skills:
 + Level 1.1 Fighting
 + Level 2.3 Dodging
 - Level 1.7 Stealth
 + Level 2.2 Spellcasting
   Level 0.8 Transmutations
 * Level 3.4 Earth Magic


You had 5 spell levels left.
You knew the following spells:

 Your Spells              Type           Power        Failure   Level  Hunger
a - Sandblast             Erth           ###...       3%          1    #......

Your spell library contained the following spells:

 Spells                   Type           Power        Failure   Level  Hunger
 Passwall                 Tmut/Erth      ##......     9%          2    ##.....
 Stone Arrow              Conj/Erth      #.....       22%         3    ###....
 Petrify                  Tmut/Erth      ##......     52%         4    #####..
 Lee's Rapid Deconstruct  Erth           ###.......   69%         5    ######.


Dungeon Overview and Level Annotations

Branches:
Dungeon (2/15)

Annotations:
D:3 1 runed translucent door, Peloso's ghost, amateur MiFi


Innate Abilities, Weirdness & Mutations

You have an increased reservoir of magic. (+10% MP)


Message History

You hit the worm but do no damage.
The worm is almost dead.
The worm bites you.
All of the chunks of flesh in your inventory have rotted away.
You hit the worm but do no damage.
The worm is almost dead.
The worm bites you!
* * * LOW HITPOINT WARNING * * *
You are too injured to fight recklessly!
You barely miss the worm.
The worm is severely wounded.
You barely miss the worm.
The worm is severely wounded.
The worm bites you but does no damage.
You hit the worm but do no damage.
The worm is severely wounded.
You hit the worm.
The worm is almost dead.
The worm bites you!
You die...

...#.8.#....#..# #....#≈_#
..8)...#....#..###....####
...#####...##..........#
..÷........##......###.#
..........###....#######
.........## ###..#r≈≈≈≈≈
#......### #..+Ww≈≈$≈
######## #..#Ss≈≈≈≈
#.@####### #.w.......
#......#.# ##........
#####...# .... ^.# .#


You could see 2 worms, Peloso's ghost, a river rat, a giant cockroach and a ball
python.

Vanquished Creatures
  2 adders (D:2)
  An ooze (D:1)
  2 leopard geckos
  4 orcs (D:3)
  A giant cockroach (D:1)
  4 goblins (D:1)
  3 hobgoblins
  2 kobolds
  2 quokkas
  4 bats
  3 frilled lizards
  A rat (D:1)
29 creatures vanquished.

Notes
Turn   | Place    | Note
-------+----------+-------------------------------------------
     0 | D:1      | Johnny the Demigod Earth Elementalist began the quest for
                  | the Orb.
     0 | D:1      | Reached XP level 1. HP: 14/14 MP: 5/5
   301 | D:1      | Reached XP level 2. HP: 12/22 MP: 7/7
   304 | D:1      | Reached skill level 3 in Earth Magic
   700 | D:2      | Found a faded altar of an unknown god.
   763 | D:2      | Reached skill level 1 in Fighting
   763 | D:2      | Reached XP level 3. HP: 15/28 MP: 6/8
   838 | D:2      | You fall into a shaft and drop 1 floor!
  1244 | D:3      | Found a runed translucent door.
  1258 | D:3      | Found an opulent altar of Gozag.
  1258 | D:3      | Found a glowing golden altar of the Shining One.
  1271 | D:3      | Noticed Peloso's ghost (amateur MiFi)
  1298 | D:3      | Mangled by a worm

Levels and vault maps discovered:
D:1:      minmay_arrival_four_loops, layout_basic
D:2:      layout_rooms, first_ration, chequers_ecumenical_altar_simple_redux,
          kennysheep_small_spiral, uniq_jessica
D:3:      layout_basic, grunt_temple_overflow_order_and_chaos_2,
          gammafunk_temple_overflow_elements, ebering_ghost_sewer_f,
          kennysheep_potato

Skill      XL: |  1  2 |
---------------+-------+-----
Dodging        | 2 |  2.3
Spellcasting   | 2 |  2.2
Earth Magic    | 3 |  3.4
Fighting       | 1 |  1.1
Stealth        | |  1.7
Transmutations | |  0.8

Action                   || total
-------------------------++-------
Melee: Unarmed           ||    14
       Dagger            ||    58
 Cast: Sandblast         ||    34
 Stab: Sleeping          ||     2
  Eat: Chunk             ||     1
Armor: Robe              ||    16
Dodge: Dodged            ||    75

Table legend:
 A = Non-vault XP
 B = Vault XP
 C = Vault XP percentage of total XP
 D = Non-vault monster count
 E = Vault monster count
 F = Vault count percentage of total count
                 A         B        C        D         E       F
            +---------+---------+-------+---------+---------+-------
      Total |      77 |       4 |   4.9 |      27 |       2 |   6.9
            +---------+---------+-------+---------+---------+-------
        D:1 |      30 |       0 |   0.0 |      14 |       0 |   0.0
        D:2 |      28 |       0 |   0.0 |       5 |       0 |   0.0
        D:3 |      19 |       4 |  17.4 |       8 |       2 |  20.0
            +---------+---------+-------+---------+---------+-------
